 Dungeon Crawl Stone Soup version 0.30-a0-310-g7d6cbdfea6 (webtiles) character file.

Game seed: 2146369803841467817

1 hikkokomori the Caller (level 1, 0/14 HPs)
             Began as a Demigod Summoner on Oct 25, 2022.
             Slain by a jackal (3 damage)
             ... on level 1 of the Dungeon.
             The game lasted 00:00:57 (31 turns).

hikkokomori the Caller (Demigod Summoner)             Turns: 31, Time: 00:00:58

Health: 0/14       AC:  2    Str:  9    XL:     1   Next: 13%
Magic:  2/5        EV: 12    Int: 17    God:
Gold:   0          SH:  0    Dex: 14    Spells: 2/3 levels left

rFire   . . .      SeeInvis .    (no weapon)
rCold   . . .      Faith    .    (no shield)
rNeg    . . .      Spirit   .    a - +0 robe
rPois   .          Reflect  .    (no helmet)
rElec   .          Harm     .    (no cloak)
rCorr   .          Rampage  .    (no gloves)
Will    .....                    (no boots)
Stlth   ++........               (no amulet)
HPRegen 0.22/turn                (no ring)
MPRegen 0.09/turn                (no ring)

@: no status effects
A: high MP 1, forlorn, divine attributes
a: no special abilities


You were on level 1 of the Dungeon.
You visited 1 branch of the dungeon, and saw 1 of its levels.

Inventory:

Armour
 a - a +0 robe (worn)
Potions
 b - a potion of magic


   Skills:
 + Level 1.8 Dodging
 + Level 1.8 Stealth
 + Level 1.8 Spellcasting
 + Level 3.6 Summonings


You had 2 spell levels left.
You knew the following spells:

 Your Spells              Type           Power      Damage    Failure   Level
a - Summon Small Mammal   Summ           52%        N/A       4%          1

Your spell library contained the following spells:

 Spells                   Type           Power      Damage    Failure   Level
 Call Imp                 Summ           13%        N/A       7%          2
 Call Canine Familiar     Summ           13%        N/A       14%         3
 Summon Guardian Golem    Hex/Summ       7%         N/A       28%         3
 Summon Lightning Spire   Summ/Air       7%         N/A       67%         4


Dungeon Overview and Level Annotations

Branches:
Dungeon (1/15)


Innate Abilities, Weirdness & Mutations

You have an increased reservoir of magic. (+10% MP)
You shall have no god before yourself.
Your divine heritage dramatically boosts your attributes as you level up.


Message History

Unknown command.
The jackal attacks as you move away! The jackal bites you. x2
Your bat hits the jackal but does no damage.
The jackal bites you. The jackal closely misses you.
Casting: Summon Small Mammal (safe; 4% risk of failure)
Confirm with . or Enter, or press ? or * to list all spells.
Your bat disappears in a puff of smoke!
The jackal misses you.
The jackal bites you but does no damage.
Your quokka misses the jackal.
Unknown command.
Your quokka bites the jackal.
Your quokka barely misses the jackal.
Unknown command.
You barely miss the jackal.
Your quokka bites the jackal.
The jackal barely misses you.
Unknown command.
You closely miss the jackal.
The jackal is severely wounded.
The jackal bites you. x2
* * * LOW HITPOINT WARNING * * *
Your quokka barely misses the jackal.
Your quokka misses the jackal.
Unknown command.
Okay, then.
Blink to where?
Press: ? - help, Dir - move target
As you read the scroll labelled YLUYMO EWNEMAILLI, it crumbles to dust.
It was a scroll of blinking.
The jackal bites your quokka.
Your quokka closely misses the jackal.
Your quokka bites the jackal but does no damage.
The jackal bites your quokka.
You closely miss the jackal.
Your quokka closely misses the jackal.
The jackal closely misses your quokka. The jackal bites you.
* * * LOW HITPOINT WARNING * * *
Your quokka bites the jackal.
The jackal dies!
Unknown command.
The jackal barely misses you.
Unknown command.
You closely miss the jackal. The jackal bites you.
You die...

##.##
...###########
..#8≈§§§≈≈≈8#
#.#.........#
#.#.†.......#
#.'....8...<#
#r'r...8....#
#h#§........#
#@#.§§§§....#
#....#8§§§§§§§8#
##...###########
###.. ##. .# .#
..


You could see a jackal (ally target) and a friendly quokka (summoned).

Vanquished Creatures (collateral kills)
  A jackal (D:1)
1 creature vanquished.

Notes
Turn   | Place    | Note
-------+----------+-------------------------------------------
     0 | D:1      | hikkokomori the Demigod Summoner began the quest for the
                  | Orb.
     0 | D:1      | Reached XP level 1. HP: 14/14 MP: 5/5
    31 | D:1      | Slain by a jackal

Illustrated notes

Levels and vault maps discovered:
D:1:      lightli_arrival_noodles, layout_loops_ring, kennysheep_boxes

Action                   || total
-------------------------++-------
Melee: Unarmed           ||     7
 Cast: Summon Small Mamm ||     4
  Use: Scroll            ||     1
Armor: Robe              ||     1
Dodge: Dodged            ||    11

Table legend: (Time is in decaauts)
 A = Elapsed time spent in this place.
 B = Non-inter-level travel time spent in this place.
 C = Inter-level travel time spent in this place.
 D = Time resting spent in this place.
 E = Time spent auto-exploring this place.
 F = Levels seen in this place.
 G = Mean time per level.
                   A        B        C        D        E       F      G
               +--------+--------+--------+--------+--------+-----+--------+
         Total |     31 |     24 |      7 |      0 |      1 |   1 |   31.0 |
       Dungeon |     31 |     24 |      7 |      0 |      1 |   1 |   31.0 |
               +--------+--------+--------+--------+--------+-----+--------+

Top non-repeatable levels by time:
     D:1: 31 daAuts
